 Dungeon Crawl Stone Soup version 0.25-a0-310-g60f0ac2 (webtiles) character file.

Game seed: 12359168324299475336, levelgen mode: deterministic

196 Auros the Sneak (level 5, 0/24 HPs)
             Began as a Spriggan Enchanter on Dec 23, 2019.
             Killed from afar by an orc wizard (8 damage)
             ... with a magic dart
             ... on level 4 of the Dungeon on Dec 24, 2019.
             The game lasted 00:44:14 (5440 turns).

Auros the Sneak (Spriggan Enchanter)                Turns: 5440, Time: 00:44:15

Health: 0/24       AC:  2    Str:  4    XL:     5   Next: 45%
Magic:  1/11       EV: 20    Int: 16    God:
Gold:   104        SH:  0    Dex: 18    Spells: 2/11 levels left

rFire    . . .     SeeInvis +   a - +1 dagger
rCold    . . .     Gourm    .   (shield restricted)
rNeg     + . .     Faith    .   f - +0 robe
rPois    .         Spirit   .   (helmet restricted)
rElec    .         Reflect  .   (no cloak)
rCorr    .         Harm     .   (gloves unavailable)
MR       .....                  (boots unavailable)
Stlth    +++.......             s - amulet of magic regeneration
HPRegen  0.08/turn              e - ring of positive energy
MPRegen  0.37/turn              (no ring)

@: very quick
A: very small, unfitting armour, see invisible, herbivore, speed 3, slow
metabolism 2
a: no special abilities


You were on level 4 of the Dungeon.
You were not hungry.

You visited 1 branch of the dungeon, and saw 4 of its levels.

You collected 104 gold pieces.

Inventory:

Hand Weapons
 a - a +1 dagger (weapon)
 j - a +0 hunting sling
Missiles
 m - 6 boomerangs
 o - 2 curare-tipped darts (quivered)
 Z - 35 stones
Armour
 b - a +0 robe
 f - a +0 robe (worn)
Jewellery
 e - a ring of positive energy (left hand)
 s - an amulet of magic regeneration (around neck)
Wands
 u - a wand of paralysis (2)
Scrolls
 c - 2 scrolls of remove curse
 g - a scroll of enchant weapon {unknown}
 i - a scroll of identify
 p - a scroll of fog {unknown}
 r - a scroll of fear {unknown}
 t - 3 scrolls of teleportation
Potions
 d - 2 potions of brilliance {unknown}
 h - a potion of cancellation {unknown}
 k - a potion of heal wounds {unknown}
 l - a potion of curing {unknown}
 n - a potion of agility {unknown}
 q - a potion of flight {unknown}
 v - a potion of invisibility {unknown}
 w - a potion of lignification {unknown}
Comestibles
 z - 3 rations


   Skills:
 + Level 2.6 Short Blades
 + Level 1.7 Slings
 + Level 4.2 Dodging
 + Level 5.7 Stealth
 + Level 3.8 Spellcasting
 + Level 4.5 Hexes


You had 2 spell levels left.
You knew the following spells:

 Your Spells              Type           Power        Failure   Level  Hunger
a - Corona                Hex            ###....      2%          1    None
b - Ensorcelled Hibernat  Hex/Ice        ##....       11%         2    ##.....
c - Confuse               Hex            ###.....     8%          3    ###....
d - Dazzling Flash        Conj/Hex       ##....       21%         3    ###....

Your spell library contained the following spells:

 Spells                   Type           Power        Failure   Level  Hunger
 Tukima's Dance           Hex            ###.....     8%          3    ###....


Dungeon Overview and Level Annotations

Branches:
Dungeon (4/15)
 Temple: D:4-7

Altars:
The Shining One

Shops:
D:4 :

Annotations:
D:1 Terence
D:3 Natasha
D:4 1 transporter, Edmund


Innate Abilities, Weirdness & Mutations

You are very small and have problems with some larger weapons.
You are too small for most types of armour.
You have supernaturally acute eyesight. (SInv)
You are a herbivore.
You cover ground extremely quickly.
You need to consume almost no food.


Message History

The helpless hound fails to defend itself.
You impale the hound!!
You kill the hound!
Casting: Ensorcelled Hibernation (safe; 11% risk of failure)
Confirm with . or Enter, or press ? or * to list all spells.
Aiming: Ensorcelled Hibernation (safe; 11% risk of failure)
Press: ? - help, Shift-Dir - straight line, f - orc wizard
Aim: an orc wizard, wielding a +0 dagger and wearing a +0 robe (chance to defeat MR: 41%)
The orc wizard resists with some effort.
The orc wizard gestures wildly while chanting.
The orc wizard seems to speed up.
You hear a shout!
Evoke which item? (* to show all) (? for menu, Esc to quit)
Aiming: Paralyse
Press: ? - help, Shift-Dir - straight line, f/p - orc wizard
Aim: an orc wizard, wielding a +0 dagger and wearing a +0 robe (fast, chance to defeat MR: 46%)
The orc wizard resists with some effort.
The orc wizard gestures at you while chanting.
The magic dart hits you!
You die...

#.# #.# ###.##### #.#
#...#...# #.#
#.###.#.#####.## #.#
#..).<..#......#
©......#.#
#########.######
#####..#.# #.......#.#
©$P8#..#.# #.#####.#.#
[..≈#..#.# #@# #.#.#
+####..#.# #o# #.#.#
..≈.#..#.# #.# #.#.#
..≈.#..#'####.#####.#.#
≈≈≈.#.........(.h..>#.#
♣≈≈o#......##(........#
≈≈≈5#.o....############
..≈.#.(o..........
.?≈.#..#+#.#######


You could see an orc wizard.

Vanquished Creatures
  2 hounds (D:4)
  Jessica (D:2)
  An iguana (D:3)
  3 adders
  A dart slug (D:1)
  A leopard gecko (D:3)
  An orc (D:2)
  7 bats
  3 giant cockroaches
  8 goblins
  4 hobgoblins
  2 jackals
  A quokka (D:3)
  2 frilled lizards
  13 kobolds
  8 rats
58 creatures vanquished.

Notes
Turn   | Place    | Note
-------+----------+-------------------------------------------
     0 | D:1      | Auros the Spriggan Enchanter began the quest for the Orb.
     0 | D:1      | Reached XP level 1. HP: 9/9 MP: 5/5
   529 | D:1      | Reached XP level 2. HP: 13/13 MP: 6/6
  1304 | D:1      | Reached XP level 3. HP: 15/16 MP: 8/8
  1695 | D:2      | Noticed Terence
  2387 | D:2      | Found a glowing golden altar of the Shining One.
  2425 | D:2      | Reached skill level 5 in Stealth
  2920 | D:2      | Noticed Jessica
  2924 | D:2      | Learned a level 2 spell: Ensorcelled Hibernation
  3021 | D:2      | Killed Jessica
  3021 | D:2      | Reached skill level 1 in Slings
  3021 | D:2      | Reached XP level 4. HP: 21/21 MP: 7/10
  4428 | D:3      | Noticed Natasha
  4951 | D:4      | Reached XP level 5. HP: 11/24 MP: 11/11
  5138 | D:4      | Found a transporter.
  5144 | D:4      | Found Egeown's Book Shoppe.
  5156 | D:4      | Learned a level 3 spell: Confuse
  5160 | D:4      | Learned a level 3 spell: Dazzling Flash
  5236 | D:4      | Noticed Edmund
  5440 | D:4      | Killed from afar by an orc wizard

Levels and vault maps discovered:
D:1:      lemuel_arrival_funnel, layout_basic
D:2:      layout_basic, nicolae_tso_swordbearing_angel, uniq_jessica,
          uniq_terence
D:3:      layout_basic, uniq_natasha
D:4:      gammafunk_wand_slinger, layout_basic, marbit_many_paths,
          makhleb_heckhound_becter, first_ration, serial_shops,
          nicolae_shop_crystal, bh_walls_and_bars, uniq_edmund

Skill      XL: |  1  2  3  4 |
---------------+-------------+-----
Spellcasting   | 3 |  3.8
Hexes          | 4 |  4.5
Stealth        | 5 |  5.7
Short Blades   | 2 |  2.6
Slings         | 1 |  1.7
Dodging        | 4 |  4.2

Action                   |  1- 3 |  4- 6 || total
-------------------------+-------+-------++-------
Melee: Dagger            |   197 |    61 ||   258
 Fire: Hunting sling     |    23 |    44 ||    67
 Cast: Corona            |    10 |     4 ||    14
       Ensorcelled Hiber |     4 |    13 ||    17
       Confuse           |       |     1 ||     1
Evoke: Wand              |       |     1 ||     1
  Use: Scroll            |       |     3 ||     3
 Stab: Sleeping          |    10 |     5 ||    15
       Distracted        |       |     1 ||     1
       Confused          |       |     1 ||     1
  Eat: Ration            |       |     2 ||     2
Armor: Robe              |    21 |     7 ||    28
Dodge: Dodged            |   156 |    62 ||   218

Table legend:
 A = Non-vault XP
 B = Vault XP
 C = Vault XP percentage of total XP
 D = Non-vault monster count
 E = Vault monster count
 F = Vault count percentage of total count
                 A         B        C        D         E       F
            +---------+---------+-------+---------+---------+-------
      Total |     243 |      37 |  13.2 |      57 |       1 |   1.7
            +---------+---------+-------+---------+---------+-------
        D:1 |      46 |       0 |   0.0 |      26 |       0 |   0.0
        D:2 |      56 |      37 |  39.8 |      20 |       1 |   4.8
        D:3 |      48 |       0 |   0.0 |       8 |       0 |   0.0
        D:4 |      93 |       0 |   0.0 |       3 |       0 |   0.0
            +---------+---------+-------+---------+---------+-------
